AoeStats
← Morris=w=

Nomad

508367264Analyzed
4v4 RM · 11d ago on Sep 22, 2026· 45m 43s· 8 players
Game mode
Random Map
Map size
231×231
Population
200
Speed
Normal
Resources
Standard
Victory
Conquest
Starting age
Dark Age
Ending age
Imperial Age
RankedLock teamsTeams togetherTeam positionsShared explorationLock speedFull tech treeHidden civsTurbo modeCheats
Victory
Defeat
🇨🇳 Spanish · China
1589
+16
🇨🇳 Malians · China
1576
+17
🇨🇳 Vietnamese · China
1546
+18
🇲🇽 Saracens · Mexico
1539
+18
🇺🇸 Spanish · United States
1718
-21
🇭🇰 Japanese · Hong Kong SAR China
1621
-19
🇻🇪 Mongols · Venezuela
1534
-15
🇺🇸 Romans · United States
1507
-14
enzoyin68
14:41 Feudal Age
18:34 Castle Age
16:35 Fishing Lines
17:38 Gold Mining
19:13 Double-Bit Axe
19:37 Fletching
19:31 Horse Collar
21:04 Medium Warships
23:54 Bodkin Arrow
23:57 Loom
29:57 Scale Mail Armor
32:34 Gillnets
33:18 Bow Saw
34:53 Squires
37:06 Wheelbarrow
36:44 Forging
36:51 Chain Mail Armor
40:07 Imperial Age
37:54 Hand Cart
37:37 Town Watch
38:31 Iron Casting
38:34 Scale Barding Armor
38:24 Treadmill Crane
39:31 Husbandry
39:43 Bloodlines
38:54 Light Cavalry
41:21 Chain Barding Armor
40:27 Elite Battle Elephant
42:56 Plate Barding Armor
42:36 Light Cavalry
45:14 Chemistry
Bz_青红
11:34 Loom
13:22 Feudal Age
13:33 Loom
13:48 Town Watch
17:17 Castle Age
16:31 Double-Bit Axe
16:59 Fishing Lines
20:07 Fletching
24:48 Padded Archer Armor
31:01 Bodkin Arrow
34:26 Leather Archer Armor
34:23 Bow Saw
41:16 Gillnets
46:14 Imperial Age
thefacelessz12
3:45 Loom
14:32 Feudal Age
19:11 Castle Age
18:01 Stone Mining
19:36 Town Watch
36:41 Wheelbarrow
36:20 Fishing Lines
39:23 Gold Mining
39:20 Double-Bit Axe
39:16 Horse Collar
44:58 Imperial Age
44:43 Scale Barding Armor
44:48 Forging
45:19 Husbandry
45:30 Bloodlines
45:11 Elite Mameluke
46:32 Conscription
chenst2020
5:36 Loom
6:22 Loom
13:24 Feudal Age
14:42 Double-Bit Axe
15:28 Gold Mining
20:51 Castle Age
22:39 Medium Warships
23:08 Wheelbarrow
23:10 Bow Saw
23:37 Gold Shaft Mining
23:05 Fishing Lines
23:42 Bloodlines
23:39 Scale Barding Armor
24:04 Forging
26:37 Hand Cart
27:09 Horse Collar
27:21 Stone Mining
30:11 Chain Barding Armor
31:28 Iron Casting
36:52 Imperial Age
34:41 Husbandry
35:56 Fletching
36:34 Bodkin Arrow
37:07 Scale Mail Armor
38:40 Chain Mail Armor
39:52 Plate Barding Armor
38:38 Cavalier
39:19 Husbandry
41:10 Town Watch
43:06 Plate Barding Armor
嗚
3:49 Loom
15:01 Feudal Age
18:55 Castle Age
17:02 Double-Bit Axe
36:44 Wheelbarrow
36:29 Town Watch
37:46 Stone Mining
37:46 Gold Mining
42:06 Bow Saw
KaLong
2:53 Loom
14:38 Feudal Age
18:55 Castle Age
17:17 Double-Bit Axe
21:26 Ballistics
Morris=w=
12:01 Loom
14:31 Feudal Age
18:11 Castle Age
17:06 Double-Bit Axe
17:46 Fishing Lines
19:22 Medium Warships
19:27 Bow Saw
20:27 Scale Mail Armor
30:54 Squires
31:09 Forging
Jeremy24k
4:43 Loom
13:46 Feudal Age
18:08 Castle Age
16:25 Double-Bit Axe
16:34 Fishing Lines
16:51 Horse Collar
22:35 Fervor
23:10 Bow Saw
33:55 Fletching
34:29 Ballistics
40:27 Bodkin Arrow
41:28 Wheelbarrow
Connection lost

Rejoining the realm…

Still unreachable

The connection could not be restored.

Session expired

The server has moved on; the page needs a fresh start.